[Event "Montebelluna Elite 2020"]
[Site "Montebelluna"]
[Date "2020.01.03"]
[Round "2.2"]
[White "Martinez Alcantara, Jose Eduardo"]
[Black "Raja Rithvik R"]
[Result "1-0"]
[ECO "A11"]
[WhiteElo "2606"]
[BlackElo "2412"]
[Annotator "RC"]
[PlyCount "75"]
[EventDate "2020.01.02"]
[EventType "swiss"]
[EventCountry "ITA"]
[SourceTitle "playchess.com"]
[Source "ChessBase"]
[SourceQuality "1"]
[TimeControl "5400+30"]

1. Nf3 d5 2. g3 Bg4 3. Bg2 c6 4. c4 e6 5. O-O Nf6 6. Qb3 Qb6 7. d3 Nbd7 8. Qc2 dxc4 9. Qxc4 Bxf3 10. Bxf3 Ne5 11. Qf4 Nxf3+ 12. Qxf3 Be7 13. Nd2 O-O 14. Nc4 Qd8 15. Bd2 Nd5 16. a3 c5 17. Rac1 Rc8 18. Rfd1 Qd7 19. h4 Bf6 20. Rc2 Ne7 21. Bc3 Bxc3 22. bxc3 Nc6 23. a4 Na5 24. Nxa5 Qxa4 25. Rcc1 Qxa5 26. Qxb7 Rb8 27. Qe4 Rb2 28. Qe5 Qb6 29. Ra1 Rb8 30. Ra4 f6 31. Qe3 e5 32. Qe4 Qb3 33. Rda1 Qxc3 34. Qd5+ Kh8 35. Rxa7 h6 36. Kg2 Qd4 37. Qf7 Qg4 38. R1a4 1-0

[Event "Montebelluna Elite 2020"]
[Site "Montebelluna"]
[Date "2020.01.03"]
[Round "2.3"]
[White "Nikolovski, Nikola"]
[Black "Erigaisi Arjun"]
[Result "0-1"]
[ECO "B11"]
[WhiteElo "2442"]
[BlackElo "2575"]
[Annotator "RC"]
[PlyCount "69"]
[EventDate "2020.01.02"]
[EventType "swiss"]
[EventCountry "ITA"]
[SourceTitle "playchess.com"]
[Source "ChessBase"]
[SourceQuality "1"]
[TimeControl "5400+30"]

1. e4 c6 2. Nc3 d5 3. Qf3 e5 4. exd5 Nf6 5. dxc6 Nxc6 6. Bb5 Bd7 7. d3 a6 8. Bxc6 Bxc6 9. Qh3 Nd5 10. Bd2 Qb6 11. O-O-O Bb4 12. Nxd5 Bxd5 13. Qg4 Bxd2+ 14. Rxd2 O-O 15. Nf3 Bxa2 16. b3 Rac8 17. Kd1 e4 18. dxe4 Bxb3 19. cxb3 Qxb3+ 20. Ke2 f5 21. Qh4 Qb5+ 22. Ke1 Rc1+ 23. Rd1 Rxd1+ 24. Kxd1 Qb1+ 25. Ke2 Qxh1 26. Ng5 h6 27. Ne6 Rc8 28. Nd4 Qxg2 29. Nxf5 Rc2+ 30. Kd3 Rxf2 31. Qe7 Rf3+ 32. Kd4 Qf2+ 33. Kd5 Rxf5+ 34. exf5 Qxf5+ 35. Kd4 0-1

[Event "Montebelluna Elite 2020"]
[Site "Montebelluna"]
[Date "2020.01.03"]
[Round "2.5"]
[White "Delchev, Aleksander"]
[Black "Yurtseven, Melih"]
[Result "1/2-1/2"]
[ECO "C07"]
[WhiteElo "2550"]
[BlackElo "2385"]
[Annotator "RC"]
[PlyCount "46"]
[EventDate "2020.01.02"]
[EventType "swiss"]
[EventCountry "ITA"]
[SourceTitle "playchess.com"]
[Source "ChessBase"]
[SourceQuality "1"]
[TimeControl "5400+30"]

1. d4 e6 2. e4 d5 3. Nd2 c5 4. Ngf3 cxd4 5. Nxd4 Nc6 6. Bb5 Bd7 7. Nxc6 bxc6 8. Bd3 Bd6 9. O-O Ne7 10. Nf3 e5 11. c4 d4 12. c5 Bc7 13. Bc4 h6 14. Nh4 Qc8 15. f4 Be6 16. Bxe6 Qxe6 17. f5 Qc4 18. f6 gxf6 19. Rxf6 d3 20. Qf3 Ng8 21. Rf5 Ne7 22. Rf6 Ng8 23. Rf5 Ne7 1/2-1/2

[Event "Montebelluna Elite 2020"]
[Site "Montebelluna"]
[Date "2020.01.03"]
[Round "3.5"]
[White "Gaehwiler, Gabriel"]
[Black "Radovanovic, Mihajlo"]
[Result "1-0"]
[ECO "A41"]
[WhiteElo "2394"]
[BlackElo "2485"]
[Annotator "ChessBase"]
[PlyCount "77"]
[EventDate "2020.01.02"]
[EventType "swiss"]
[EventCountry "ITA"]
[SourceTitle "playchess.com"]
[Source "ChessBase"]
[SourceQuality "1"]
[TimeControl "5400+30"]

1. d4 d6 2. Nf3 g6 3. g3 Bg7 4. Bg2 e5 5. dxe5 dxe5 6. Qxd8+ Kxd8 7. O-O f6 8. Rd1+ Ke8 9. Nc3 Na6 10. Ne1 Nh6 11. Nd3 Nf7 12. b4 e4 13. b5 f5 14. Bd2 Nb8 15. Nf4 c6 16. Rab1 Be5 17. bxc6 bxc6 18. Na4 g5 19. Nh5 Ba6 20. Bf1 Nd7 21. Bc3 Bxc3 22. Nxc3 Ke7 23. g4 fxg4 24. Nxe4 Rab8 25. Rb3 Rxb3 26. axb3 Bc8 27. Ra1 a6 28. e3 Nde5 29. Bxa6 Bf5 30. Bd3 Rd8 31. Nc5 Rd5 32. Ra7+ Kf8 33. Ra8+ Ke7 34. Ra7+ Kf8 35. b4 Nf3+ 36. Kg2 Bc8 37. Bc4 Nh4+ 38. Kf1 g3 39. Bxd5 1-0

[Event "Montebelluna Elite 2020"]
[Site "Montebelluna"]
[Date "2020.01.03"]
[Round "3.8"]
[White "Ozenir, Ekin Baris"]
[Black "Nikolovski, Nikola"]
[Result "1/2-1/2"]
[ECO "A87"]
[WhiteElo "2285"]
[BlackElo "2442"]
[Annotator "NA RC"]
[PlyCount "46"]
[EventDate "2020.01.02"]
[EventType "swiss"]
[EventCountry "ITA"]
[SourceTitle "playchess.com"]
[Source "ChessBase"]
[SourceQuality "1"]
[TimeControl "5400+30"]

1. d4 e6 2. c4 f5 3. g3 Nf6 4. Bg2 g6 5. Nf3 Bg7 6. O-O O-O 7. Nc3 d6 8. Re1 Ne4 9. Qc2 Nxc3 10. Qxc3 e5 11. e3 e4 12. Nd2 c5 13. f3 Nc6 14. fxe4 cxd4 15. Qc2 Qb6 16. Nf3 Bd7 17. Qb3 d3 18. Qxd3 fxe4 19. Qxe4 Rae8 20. Qd3 Nb4 21. Qb3 Qc5 22. Bd2 Nc6 23. Qb5 Qf5 1/2-1/2

[Event "Montebelluna Elite 2020"]
[Site "Montebelluna"]
[Date "2020.01.03"]
[Round "4.6"]
[White "Can, Isik"]
[Black "Zanan, Evgeny"]
[Result "1/2-1/2"]
[ECO "C60"]
[WhiteElo "2374"]
[BlackElo "2503"]
[Annotator "RC"]
[PlyCount "41"]
[EventDate "2020.01.02"]
[EventType "swiss"]
[EventCountry "ITA"]
[SourceTitle "playchess.com"]
[Source "ChessBase"]
[SourceQuality "1"]
[TimeControl "5400+30"]

1. e4 e5 2. Nf3 Nc6 3. Bb5 g6 4. d4 exd4 5. Bg5 Be7 6. Bxe7 Qxe7 7. Bxc6 dxc6 8. Qxd4 Nf6 9. Nc3 Bg4 10. Nd2 c5 11. Qe3 O-O-O 12. h3 Be6 13. O-O-O Nd7 14. f4 f6 15. Nf3 Nb6 16. Rhe1 Rhe8 17. g4 Rxd1+ 18. Rxd1 Nc4 19. Qf2 g5 20. b3 Nb6 21. f5 1/2-1/2

[Event "Montebelluna Elite 2020"]
[Site "Montebelluna"]
[Date "2020.01.03"]
[Round "4.8"]
[White "O`Gorman, Tom"]
[Black "Rahul Srivatshav P"]
[Result "1/2-1/2"]
[ECO "B07"]
[WhiteElo "2245"]
[BlackElo "2444"]
[Annotator "RC"]
[PlyCount "65"]
[EventDate "2020.01.02"]
[EventType "swiss"]
[EventCountry "ITA"]
[SourceTitle "playchess.com"]
[Source "ChessBase"]
[SourceQuality "1"]
[TimeControl "5400+30"]

1. d4 Nf6 2. Nf3 g6 3. Nbd2 Bg7 4. e4 d6 5. Bb5+ c6 6. Bd3 O-O 7. O-O Nbd7 8. c3 e5 9. Re1 Qe7 10. b3 b6 11. a4 a6 12. Nc4 Bb7 13. Ba3 c5 14. Qc2 exd4 15. cxd4 Rfe8 16. d5 Ng4 17. Bb2 b5 18. Na5 Nde5 19. Nxe5 Nxe5 20. Bf1 f5 21. axb5 fxe4 22. Qxe4 axb5 23. f4 Ng4 24. Qxe7 Rxe7 25. Bxg7 Rxe1 26. Rxe1 Bxd5 27. Bc3 b4 28. Bxb4 cxb4 29. Nc4 Ra2 30. Nxd6 Bxb3 31. h3 Nf6 32. Rb1 Bd5 33. Rxb4 1/2-1/2

[Event "Montebelluna Elite 2020"]
[Site "Montebelluna"]
[Date "2020.01.04"]
[Round "5.5"]
[White "Zanan, Evgeny"]
[Black "Nikolovski, Nikola"]
[Result "1/2-1/2"]
[ECO "C16"]
[WhiteElo "2503"]
[BlackElo "2442"]
[Annotator "ChessBase"]
[PlyCount "78"]
[EventDate "2020.01.02"]
[EventType "swiss"]
[EventCountry "ITA"]
[SourceTitle "playchess.com"]
[Source "ChessBase"]
[SourceQuality "1"]
[TimeControl "5400+30"]

1. d4 e6 2. e4 d5 3. Nc3 Bb4 4. e5 b6 5. Qg4 Bf8 6. Bg5 Qd7 7. O-O-O h6 8. Be3 Ne7 9. Nh3 Ba6 10. Bxa6 Nxa6 11. Qe2 Nb4 12. Nf4 O-O-O 13. Nh5 Kb7 14. g4 Nec6 15. a3 Na6 16. Qb5 Qc8 17. Kb1 Na5 18. Qe2 Ka8 19. f4 c5 20. dxc5 bxc5 21. Qb5 Nc4 22. Bc1 Rd7 23. Ka1 Nb8 24. f5 Rb7 25. Qa4 Nc6 26. b3 N4xe5 27. fxe6 fxe6 28. Bb2 d4 29. Ne4 Nxg4 30. Nf4 Nf6 31. Rhe1 Ne5 32. Nxf6 gxf6 33. Qa6 Be7 34. Qxe6 Qxe6 35. Nxe6 Rg8 36. Rg1 Rbb8 37. Nc7+ Kb7 38. Nd5 Nc6 39. c3 Bd6 1/2-1/2

[Event "Montebelluna Elite 2020"]
[Site "Montebelluna"]
[Date "2020.01.04"]
[Round "5.6"]
[White "Morozov, Nichita"]
[Black "Radovanovic, Mihajlo"]
[Result "0-1"]
[ECO "E73"]
[WhiteElo "2388"]
[BlackElo "2485"]
[Annotator "ChessBase"]
[PlyCount "72"]
[EventDate "2020.01.02"]
[EventType "swiss"]
[EventCountry "ITA"]
[SourceTitle "playchess.com"]
[Source "ChessBase"]
[SourceQuality "1"]
[TimeControl "5400+30"]

1. d4 Nf6 2. c4 g6 3. Nc3 Bg7 4. e4 O-O 5. Be2 d6 6. h4 c5 7. d5 e6 8. h5 exd5 9. exd5 Re8 10. hxg6 hxg6 11. Kf1 Ne4 12. Nxe4 Rxe4 13. Qb3 Rh4 14. Rxh4 Qxh4 15. Nf3 Qh1+ 16. Ng1 Be5 17. f4 Bd4 18. Be3 Na6 19. Re1 Bxe3 20. Qxe3 Nb4 21. Qe8+ Kg7 22. Qe7 Bf5 23. Rc1 Qh2 24. Qxd6 Re8 25. Rc3 Be4 26. Bf3 Bd3+ 27. Kf2 Qh4+ 28. g3 Qh2+ 29. Bg2 Re1 30. Qe5+ Rxe5 31. fxe5 Be4 32. Nf3 Qh5 33. Re3 Qf5 34. d6 Bxf3 35. Bxf3 Nd3+ 36. Kg2 Nxe5 0-1

[Event "Montebelluna Elite 2020"]
[Site "Montebelluna"]
[Date "2020.01.04"]
[Round "5.7"]
[White "Barseghyan, Harutyun"]
[Black "Can, Isik"]
[Result "1-0"]
[ECO "D02"]
[WhiteElo "2459"]
[BlackElo "2374"]
[Annotator "ChessBase"]
[PlyCount "83"]
[EventDate "2020.01.02"]
[EventType "swiss"]
[EventCountry "ITA"]
[SourceTitle "playchess.com"]
[Source "ChessBase"]
[SourceQuality "1"]
[TimeControl "5400+30"]

1. d4 d5 2. Nf3 Nf6 3. Bf4 c5 4. e3 Nc6 5. Nbd2 e6 6. c3 Bd6 7. Bg3 O-O 8. Bb5 Ne7 9. Bd3 cxd4 10. exd4 b6 11. O-O Bb7 12. Re1 Bxg3 13. hxg3 Nc8 14. Ne5 Nd6 15. f3 g6 16. Kf2 Nd7 17. Qe2 Qe7 18. Nxd7 Qxd7 19. g4 Rae8 20. g5 f6 21. gxf6 Rxf6 22. Qe5 Ref8 23. Re3 Ne8 24. Rae1 Ng7 25. Nf1 Nf5 26. R3e2 Qg7 27. Nh2 h5 28. Bxf5 gxf5 29. f4 h4 30. Re3 R8f7 31. Rh3 Rg6 32. Qxg7+ Rfxg7 33. Rg1 Rh6 34. Nf3 Rg4 35. Ke3 Ba6 36. g3 Rhg6 37. Nxh4 Rh6 38. Rh2 Bc4 39. b3 Ba6 40. Nf3 Rxh2 41. Nxh2 Rg7 42. g4 1-0

[Event "Montebelluna Elite 2020"]
[Site "Montebelluna"]
[Date "2020.01.04"]
[Round "5.8"]
[White "Gokerkan, Cem Kaan"]
[Black "O`Gorman, Tom"]
[Result "1-0"]
[ECO "B23"]
[WhiteElo "2458"]
[BlackElo "2245"]
[Annotator "RC"]
[PlyCount "159"]
[EventDate "2020.01.02"]
[EventType "swiss"]
[EventCountry "ITA"]
[SourceTitle "playchess.com"]
[Source "ChessBase"]
[SourceQuality "1"]
[TimeControl "5400+30"]

1. e4 c5 2. Nc3 d6 3. d4 cxd4 4. Qxd4 Nc6 5. Qd2 g6 6. b3 Bh6 7. f4 e5 8. Nb5 Bxf4 9. Qxd6 Qxd6 10. Nxd6+ Kf8 11. Bxf4 exf4 12. O-O-O Nf6 13. Bb5 Ng4 14. Rf1 Ke7 15. Bxc6 Kxd6 16. Bd5 g5 17. h4 Ne3 18. Rf2 g4 19. Rxf4 f5 20. g3 Re8 21. Kd2 Ng2 22. Rf2 fxe4 23. Bxe4 Rxe4 24. Rxg2 Bf5 25. Ne2 Rd8 26. c3 Kc7+ 27. Nd4 b5 28. Re1 b4 29. Rxe4 Bxe4 30. Re2 Bg6 31. Re5 a6 32. Rc5+ Kb7 33. Rg5 bxc3+ 34. Kxc3 Rc8+ 35. Kd2 Rd8 36. Rxg4 Kb6 37. Kc3 Rc8+ 38. Kb2 Re8 39. Rf4 Re3 40. g4 Rg3 41. a4 Kc5 42. Nf5 Rh3 43. h5 Bf7 44. b4+ Kb6 45. Nd4 Bd5 46. Rf5 Rh2+ 47. Kc3 Rh3+ 48. Kd2 Be4 49. Rf6+ Kb7 50. Rf4 Bd5 51. Rf5 Bc4 52. Rf3 Rh2+ 53. Kc3 Bd5 54. Rf4 Rh3+ 55. Kd2 Rh2+ 56. Ke3 Rb2 57. Nf5 Rb3+ 58. Kf2 a5 59. bxa5 Ka6 60. Ne3 Rb2+ 61. Kg3 Ba2 62. Kh4 Re2 63. Nc4 Rc2 64. Rf6+ Ka7 65. Na3 Rc8 66. Nb5+ Ka8 67. Ra6+ Kb8 68. Rb6+ Ka8 69. Ra6+ Kb8 70. Rb6+ Ka8 71. a6 Bd5 72. Kg5 Rg8+ 73. Kh6 Be4 74. g5 Rc8 75. a7 Bc2 76. Rb8+ Rxb8 77. axb8=R+ Kxb8 78. Nc3 Kc7 79. g6 hxg6 80. hxg6 1-0

[Event "Montebelluna Elite 2020"]
[Site "Montebelluna"]
[Date "2020.01.04"]
[Round "5.10"]
[White "Ozenir, Ekin Baris"]
[Black "Sankalp Gupta"]
[Result "1/2-1/2"]
[ECO "A46"]
[WhiteElo "2285"]
[BlackElo "2400"]
[Annotator "ChessBase"]
[PlyCount "55"]
[EventDate "2020.01.02"]
[EventType "swiss"]
[EventCountry "ITA"]
[SourceTitle "playchess.com"]
[Source "ChessBase"]
[SourceQuality "1"]
[TimeControl "5400+30"]

1. d4 Nf6 2. Bg5 e6 3. e4 h6 4. Bxf6 Qxf6 5. Nf3 c5 6. c3 cxd4 7. cxd4 Bb4+ 8. Nc3 O-O 9. Bd3 d6 10. Qb3 Nc6 11. O-O Bxc3 12. Qxc3 e5 13. d5 Ne7 14. Rfc1 h5 15. Qd2 Bg4 16. Qg5 Bxf3 17. Qxf6 gxf6 18. gxf3 Rfc8 19. Kg2 Ng6 20. Bb5 Kh8 21. Kf1 Nf4 22. Ke1 a6 23. Bf1 Kg7 24. Kd2 Kh6 25. b4 Kg7 26. a4 Kf8 27. Rxc8+ Rxc8 28. Rc1 1/2-1/2

[Event "Montebelluna Elite 2020"]
[Site "Montebelluna"]
[Date "2020.01.04"]
[Round "6.2"]
[White "Radovanovic, Mihajlo"]
[Black "Erigaisi Arjun"]
[Result "1/2-1/2"]
[ECO "D46"]
[WhiteElo "2485"]
[BlackElo "2575"]
[Annotator "ChessBase"]
[PlyCount "119"]
[EventDate "2020.01.02"]
[EventType "swiss"]
[EventCountry "ITA"]
[SourceTitle "playchess.com"]
[Source "ChessBase"]
[SourceQuality "1"]
[TimeControl "5400+30"]

1. Nf3 Nf6 2. c4 e6 3. Nc3 d5 4. d4 c6 5. e3 Nbd7 6. Qc2 Bd6 7. Bd3 dxc4 8. Bxc4 O-O 9. O-O e5 10. h3 h6 11. Rd1 Qc7 12. Bb3 Re8 13. a3 a6 14. Ba2 exd4 15. exd4 Nf8 16. Be3 Be6 17. Bxe6 Nxe6 18. Rac1 Nf4 19. Bxf4 Bxf4 20. Rb1 Rad8 21. Re1 Qc8 22. Rbd1 Bb8 23. Qb3 Ba7 24. Ne5 Qc7 25. Qc4 c5 26. Ne4 b5 27. Qc2 Nxe4 28. Rxe4 Bb8 29. Nf3 Rxe4 30. Qxe4 cxd4 31. g3 Ba7 32. Kg2 a5 33. Rd2 Qd6 34. Ne1 b4 35. axb4 Qxb4 36. Re2 Qb5 37. Nd3 a4 38. Qf3 Re8 39. Rxe8+ Qxe8 40. Qb7 Bb6 41. Kf3 Qb5 42. Qc8+ Kh7 43. Ke4 g6 44. g4 Kg7 45. f4 a3 46. bxa3 Qb1 47. f5 Qh1+ 48. Ke5 Qf3 49. Qc4 Qg3+ 50. Kd5 Qxh3 51. f6+ Kxf6 52. Kc6 Ba7 53. Kb7 h5 54. Kxa7 Qxg4 55. Kb6 h4 56. Kc5 h3 57. Qxd4+ Qxd4+ 58. Kxd4 h2 59. Nf2 Ke6 60. Ke4 {[%emt 0:06:00] Ke5+} 1/2-1/2

[Event "Montebelluna Elite 2020"]
[Site "Montebelluna"]
[Date "2020.01.04"]
[Round "6.3"]
[White "Gokerkan, Cem Kaan"]
[Black "Barseghyan, Harutyun"]
[Result "1-0"]
[ECO "B42"]
[WhiteElo "2458"]
[BlackElo "2459"]
[Annotator "ChessBase"]
[PlyCount "103"]
[EventDate "2020.01.02"]
[EventType "swiss"]
[EventCountry "ITA"]
[SourceTitle "playchess.com"]
[Source "ChessBase"]
[SourceQuality "1"]
[TimeControl "5400+30"]

1. e4 c5 2. Nf3 e6 3. d4 cxd4 4. Nxd4 a6 5. Bd3 Qb6 6. Nb3 Qc7 7. O-O d6 8. c4 Nf6 9. Nc3 Be7 10. Be3 O-O 11. Rc1 Nbd7 12. f4 b6 13. Qf3 Bb7 14. Qh3 Rfe8 15. Rf3 Rac8 16. Rcf1 Qb8 17. Rg3 b5 18. cxb5 axb5 19. Bxb5 Rxc3 20. bxc3 Bxe4 21. Nd4 Kh8 22. a4 Qb7 23. c4 Ra8 24. Bf2 Nc5 25. Ra3 Bd8 26. Rfa1 Ba5 27. Be1 Bb6 28. a5 Ba7 29. a6 Qc7 30. Kh1 Rg8 31. Bh4 Ba8 32. Ba4 Nxa4 33. Nb5 Qxc4 34. Nxd6 Qc7 35. Nb5 Qd7 36. Nxa7 Nc5 37. Bxf6 gxf6 38. Rg3 Rxg3 39. Qxg3 h6 40. f5 Qd4 41. Rb1 Kh7 42. Nb5 Qc4 43. Nd6 Qc2 44. Rf1 Qe2 45. Qf2 Qxa6 46. Nxf7 Ne4 47. Qf4 e5 48. Qxh6+ Kg8 49. Rb1 Nf2+ 50. Kg1 Bb7 51. Qh8+ Kxf7 52. Rxb7+ 1-0

[Event "Montebelluna Elite 2020"]
[Site "Montebelluna"]
[Date "2020.01.04"]
[Round "6.4"]
[White "Delchev, Aleksander"]
[Black "Sonis, Francesco"]
[Result "1/2-1/2"]
[ECO "A28"]
[WhiteElo "2550"]
[BlackElo "2458"]
[Annotator "ChessBase"]
[PlyCount "49"]
[EventDate "2020.01.02"]
[EventType "swiss"]
[EventCountry "ITA"]
[SourceTitle "playchess.com"]
[Source "ChessBase"]
[SourceQuality "1"]
[TimeControl "5400+30"]

1. c4 e5 2. Nc3 Nf6 3. Nf3 Nc6 4. e4 Bc5 5. Nxe5 Nxe5 6. d4 Bb4 7. dxe5 Nxe4 8. Qf3 Nxc3 9. bxc3 Ba5 10. Be2 O-O 11. O-O d6 12. Ba3 Re8 13. exd6 cxd6 14. Rad1 Qe7 15. Bd3 g6 16. Qg3 Qe5 17. Bxd6 Qxg3 18. hxg3 Bxc3 19. c5 Bd7 20. Rb1 Bc6 21. Bb5 Be5 22. Bxc6 bxc6 23. Rb7 Rad8 24. Rd1 Re6 25. Rxa7 1/2-1/2

[Event "Montebelluna Elite 2020"]
[Site "Montebelluna"]
[Date "2020.01.04"]
[Round "6.5"]
[White "Sumets, Andrey"]
[Black "Yurtseven, Melih"]
[Result "0-1"]
[ECO "A73"]
[WhiteElo "2566"]
[BlackElo "2385"]
[Annotator "RC"]
[PlyCount "104"]
[EventDate "2020.01.02"]
[EventType "swiss"]
[EventCountry "ITA"]
[SourceTitle "playchess.com"]
[Source "ChessBase"]
[SourceQuality "1"]
[TimeControl "5400+30"]

1. d4 e6 2. c4 Nf6 3. Nf3 c5 4. d5 d6 5. Nc3 exd5 6. cxd5 g6 7. Nd2 Bg7 8. e4 O-O 9. Be2 Ne8 10. O-O f5 11. exf5 Bxf5 12. Nc4 Na6 13. Bf4 b5 14. Nxb5 Bd7 15. Bxd6 Bxb5 16. Bxf8 Kxf8 17. d6 Bd4 18. Ne5 Rb8 19. Bxb5 Rxb5 20. Qf3+ Nf6 21. Nc4 Nb4 22. Rae1 Nbd5 23. Re6 Kg8 24. Rfe1 Qf8 25. d7 Rb8 26. Nd6 Nc7 27. Re7 Rxb2 28. Re8 Ncxe8 29. d8=Q Nxd6 30. Qxf8+ Kxf8 31. Qa8+ Nde8 32. Rf1 Rxa2 33. h3 h5 34. Qc6 h4 35. Qf3 a5 36. Qf4 a4 37. Qxh4 a3 38. Qg3 Rxf2 39. Qxf2 Bxf2+ 40. Rxf2 Ke7 41. Ra2 Ke6 42. Rxa3 Nd6 43. Kf2 Nde4+ 44. Ke3 Ke5 45. Ra4 Nd5+ 46. Kf3 c4 47. h4 Nd2+ 48. Kf2 Ne4+ 49. Kf3 Nd2+ 50. Kf2 c3 51. Ke2 Nb3 52. Rc4 c2 0-1

[Event "Montebelluna Elite 2020"]
[Site "Montebelluna"]
[Date "2020.01.04"]
[Round "6.6"]
[White "Nikolovski, Nikola"]
[Black "Gaehwiler, Gabriel"]
[Result "1-0"]
[ECO "B31"]
[WhiteElo "2442"]
[BlackElo "2394"]
[Annotator "NA"]
[PlyCount "55"]
[EventDate "2020.01.02"]
[EventType "swiss"]
[EventCountry "ITA"]
[SourceTitle "playchess.com"]
[Source "ChessBase"]
[SourceQuality "1"]
[TimeControl "5400+30"]

1. e4 c5 2. Be2 d6 3. f4 e5 4. fxe5 dxe5 5. Nf3 Nf6 $14 6. Nc3 Bd6 7. O-O O-O 8. Bc4 Nc6 9. d3 Nd4 10. Bg5 Ne6 11. Bh4 Nf4 12. g3 Ng6 13. Nd5 Be7 14. Bxf6 Bxf6 15. Qd2 Be6 16. a4 h6 17. h4 Bxd5 18. Bxd5 Ne7 19. Bc4 Qd7 20. Kg2 Ng6 21. Nh2 Kh7 22. Rf2 Nh8 23. Rf5 Bd8 24. Ng4 Bc7 25. Nf6+ gxf6 26. Rh5 Qg4 27. Qxh6+ Kg8 28. Qh7# 1-0

[Event "Montebelluna Elite 2020"]
[Site "Montebelluna"]
[Date "2020.01.04"]
[Round "6.7"]
[White "Lazov, Toni"]
[Black "Ozenir, Ekin Baris"]
[Result "0-1"]
[ECO "C06"]
[WhiteElo "2420"]
[BlackElo "2285"]
[Annotator "NA"]
[PlyCount "68"]
[EventDate "2020.01.02"]
[EventType "swiss"]
[EventCountry "ITA"]
[SourceTitle "playchess.com"]
[Source "ChessBase"]
[SourceQuality "1"]
[TimeControl "5400+30"]

1. e4 e6 2. d4 d5 3. Nd2 c5 4. Ngf3 Nf6 5. e5 Nfd7 6. c3 Nc6 7. Bd3 Be7 8. O-O Qb6 9. dxc5 Nxc5 10. Bc2 Qc7 11. Re1 b6 12. b4 Nd7 13. Qe2 $17 (13. Nb3 $11 {keeps the balance.}) 13... Nxb4 14. cxb4 Qxc2 15. Nd4 Qa4 16. Qg4 g6 17. N2f3 h6 18. Bd2 Nc5 19. bxc5 bxc5 20. Rec1 Bd7 21. a3 cxd4 22. Nxd4 Bg5 23. Bxg5 hxg5 24. g3 Rc8 25. Rxc8+ Bxc8 26. Kg2 Ba6 27. Rc1 O-O 28. h4 Bd3 29. Kh2 Be4 30. Rd1 Rc8 31. Nxe6 Qc2 32. Rf1 Bf5 33. Qxg5 Bxe6 34. h5 Qf5 0-1

[Event "Montebelluna Elite 2020"]
[Site "Montebelluna"]
[Date "2020.01.04"]
[Round "6.9"]
[White "Vignesh B"]
[Black "Can, Isik"]
[Result "1/2-1/2"]
[ECO "B18"]
[WhiteElo "1912"]
[BlackElo "2374"]
[Annotator "NA"]
[PlyCount "46"]
[EventDate "2020.01.02"]
[EventType "swiss"]
[EventCountry "ITA"]
[SourceTitle "playchess.com"]
[Source "ChessBase"]
[SourceQuality "1"]
[TimeControl "5400+30"]

1. e4 c6 2. d4 d5 3. Nc3 dxe4 4. Nxe4 Bf5 5. Ng3 Bg6 6. Nh3 Nf6 7. Nf4 e5 8. dxe5 {[%emt 0:00:08] B18: Classical Caro-Kann: 4...Bf5 sidelines} Qa5+ 9. c3 Qxe5+ 10. Qe2 Nbd7 11. Nxg6 hxg6 12. Bf4 Qxe2+ 13. Bxe2 O-O-O {[%emt 0:00:38] [#]} 14. Bg5 $146 ({Predecessor:} 14. Rd1 Nd5 15. Bc1 N7f6 {½-½ (48) Duda,J (2645)-Yuffa,D (2476) Khanty-Mansiysk 2015}) 14... Bc5 15. O-O Ne5 16. Rad1 Bb6 17. Bxf6 gxf6 18. Ne4 f5 19. Nd6+ Kc7 20. Nc4 f6 $11 21. Nxb6 axb6 22. f4 Nf7 23. Rf3 Nd6 1/2-1/2

[Event "Montebelluna Elite 2020"]
[Site "Montebelluna"]
[Date "2020.01.04"]
[Round "6.10"]
[White "Loiacono, Antonio"]
[Black "Ozen, Deniz"]
[Result "1/2-1/2"]
[ECO "B02"]
[WhiteElo "2295"]
[BlackElo "2423"]
[Annotator "NA"]
[PlyCount "40"]
[EventDate "2020.01.02"]
[EventType "swiss"]
[EventCountry "ITA"]
[SourceTitle "playchess.com"]
[Source "ChessBase"]
[SourceQuality "1"]
[TimeControl "5400+30"]

1. e4 Nf6 2. Nc3 d5 3. e5 d4 4. exf6 dxc3 5. fxg7 cxd2+ 6. Qxd2 Qxd2+ 7. Bxd2 Bxg7 8. O-O-O Nc6 9. Bb5 Bd7 10. Nf3 a6 11. Bxc6 Bxc6 12. Bf4 Rc8 $11 13. Rhe1 Rg8 14. Re3 Bf6 15. g3 Rd8 16. Rde1 Bxf3 17. Rxf3 Bg5 18. Re5 f6 19. Rc5 Rd7 20. c3 c6 1/2-1/2

[Event "Montebelluna Elite 2020"]
[Site "Montebelluna"]
[Date "2020.01.05"]
[Round "7.3"]
[White "Yurtseven, Melih"]
[Black "Radovanovic, Mihajlo"]
[Result "0-1"]
[ECO "E71"]
[WhiteElo "2385"]
[BlackElo "2485"]
[Annotator "RC"]
[PlyCount "56"]
[EventDate "2020.01.02"]
[EventType "swiss"]
[EventCountry "ITA"]
[SourceTitle "playchess.com"]
[Source "ChessBase"]
[SourceQuality "1"]
[TimeControl "5400+30"]

1. d4 Nf6 2. c4 g6 3. Nc3 Bg7 4. e4 O-O 5. Be3 d6 6. h3 Na6 7. g4 c6 8. Qd2 Nc7 9. f3 Rb8 10. Bd3 b5 11. cxb5 cxb5 12. Bh6 e5 13. Bxg7 Kxg7 14. d5 b4 15. Nce2 Na6 16. Ng3 Nc5 17. Be2 Qa5 18. Bc4 Ba6 19. Nf5+ Kh8 20. Qh6 b3+ 21. Kd1 Rg8 22. Nxd6 Qc7 23. Bxa6 Qxd6 24. Bc4 g5 25. h4 Rg6 26. hxg5 Rxh6 27. Rxh6 Ncxe4 28. axb3 Nxg5 0-1

[Event "Montebelluna Elite 2020"]
[Site "Montebelluna"]
[Date "2020.01.05"]
[Round "7.5"]
[White "Ozenir, Ekin Baris"]
[Black "Rahul Srivatshav P"]
[Result "1/2-1/2"]
[ECO "E44"]
[WhiteElo "2285"]
[BlackElo "2444"]
[Annotator "NA"]
[PlyCount "110"]
[EventDate "2020.01.02"]
[EventType "swiss"]
[EventCountry "ITA"]
[SourceTitle "playchess.com"]
[Source "ChessBase"]
[SourceQuality "1"]
[TimeControl "5400+30"]

1. d4 Nf6 2. c4 e6 3. Nc3 Bb4 4. e3 b6 5. Nge2 Ne4 6. Bd2 Nxd2 7. Qxd2 Bb7 8. a3 Be7 9. Ng3 h5 10. d5 h4 11. Nge2 $1 e5 12. g4 hxg3 13. Nxg3 g6 $11 14. f4 d6 15. O-O-O f5 16. c5 bxc5 17. fxe5 dxe5 18. Bb5+ Nd7 19. Qg2 Bg5 20. Kb1 Qe7 21. Nge4 fxe4 22. Nxe4 O-O-O 23. Nxg5 Nf6 24. e4 Rd6 25. Rc1 Rb6 26. Be2 Kb8 27. Rc2 Rc8 28. Rd1 Qd6 29. Qg3 Ka8 30. Qc3 Rb8 31. Qxc5 Qxc5 32. Rxc5 Bxd5 33. b4 Bb7 34. Rxe5 c5 35. Rxc5 Nxe4 36. Nxe4 Bxe4+ 37. Bd3 Bxd3+ 38. Rxd3 Rb5 39. Rc4 a5 40. Kc2 axb4 41. axb4 Rh8 42. h3 Rbh5 43. Rcc3 Rh4 44. Kb3 Rb8 45. Rc4 Rbh8 46. Rxh4 Rxh4 47. Ka4 g5 48. Rg3 Kb7 49. Ka5 Rh5 50. b5 Rh7 51. Re3 Rg7 52. Rg3 Rh7 53. Rxg5 Rxh3 54. Rg7+ Kb8 55. Ka6 Rh8 1/2-1/2